 Dungeon Sprint DCSS version 0.27.1-33-g824d729ab1 (webtiles) character file.

Game seed: 1081103751407822605

5247 Adenis the Imperceptible (level 10, -13/79 HPs)
             Began as a Vampire Brigand on Dec 3, 2021.
             Was a High Priest of Trog.
             Shot with an arrow by a centaur warrior (21 damage)
             ... in the Dungeon (Sprint I: "Red Sonja").
             The game lasted 00:06:23 (832 turns).

Adenis the Imperceptible (Vampire Brigand)           Turns: 832, Time: 00:06:24

Health: -13/79     AC:  3    Str: 10    XL:     10   Next: 36%
Magic:  10/10      EV: 15    Int: 14    God:    Trog [*****.]
Gold:   797        SH:  0    Dex: 19    Spells: 9/9 levels left

rFire    . . .     SeeInvis +   n - +1 short sword (distort)
rCold    . . .     Faith    .   (no shield)
rNeg     . . .     Spirit   .   b - +0 robe
rPois    .         Reflect  .   (no helmet)
rElec    .         Harm     .   c - +0 cloak
rCorr    .         Rampage  .   (no gloves)
Will     +....     NoTele   +   (no boots)
Stlth    ++++++++++             (no amulet)
HPRegen  0.43/turn              (no ring)
MPRegen  0.12/turn              (no ring)

@: healing quickly
A: alive, fangs 3, see invisible, vampiric 2
a: Exsanguinate, Renounce Religion, Berserk, Trog's Hand, Brothers in Arms


You were in the Dungeon.
You worshipped Trog.
Trog was extremely pleased with you.
You visited 1 branch You collected 887 gold pieces.
You spent 90 gold pieces at shops.

Inventory:

Hand Weapons
 a - a +2 dagger
 m - a +2 dagger of speed
 n - a +1 short sword of distortion (weapon)
Missiles
 d - 8 poisoned darts (quivered)
 e - 5 curare-tipped darts
Armour
 b - a +0 robe (worn)
 c - a +0 cloak (worn)
Wands
 l - a wand of polymorph (12)
Scrolls
 k - a scroll of blinking
 o - a scroll of identify {unknown}
 p - a scroll of magic mapping {unknown}
Potions
 f - 5 potions of curing
 h - a potion of haste
 i - 2 potions of magic
 j - a potion of berserk rage


   Skills:
 + Level 7.4 Fighting
 + Level 9.8 Short Blades
 + Level 5.6 Throwing
 + Level 5.6 Dodging
 + Level 26.9 Stealth


You had 9 spell levels left.
You didn't know any spells.
Your spell library was empty.

Dungeon Overview and Level Annotations

Branches:
Dungeon (1/1)

Altars:
Cheibriados
Dithmenos
Elyvilon
Fedhas
Gozag
Hepliaklqana
Kikubaaqudgha
Makhleb
Nemelex Xobeh
Okawaru
Qazlal
Ru
Sif Muna
Trog
Uskayaw
Vehumet
Wu Jian
Xom
Yredelemnul
Zin
The Shining One
Jiyva
Lugonu

Shops:
D [?[


Innate Abilities, Weirdness & Mutations

Your natural rate of healing is accelerated.
You have razor-sharp teeth.
You have supernaturally acute eyesight. (SInv)
You are afflicted with vampirism and can become a bat while bloodless.


Message History

You hit the hog.
The hog is devoured by a tear in reality.
There is a hide-covered altar of Uskayaw here.
There is an open door here.
You start resting.
HP restored.
No target in view!
There is a shimmering blue altar of Sif Muna here.
You open the door.
A centaur warrior comes into view.
There is an open door here.
You enter the shallow water.
Moving in this stuff is going to be slow.
Found a ruby potion.
A centaur warrior comes into view.
The centaur warrior moves out of view.
The centaur warrior shouts!
The centaur warrior wields a +0 shortbow.
The centaur warrior shoots an arrow.
The arrow hits you.
The centaur warrior shouts!
You hit the centaur warrior.
You bite the centaur warrior, but do no damage.
The centaur warrior is lightly wounded.
The centaur warrior blinks!
The centaur warrior barely misses you.
The centaur warrior kicks you but does no damage.
The centaur warrior shoots an arrow.
The arrow closely misses you.
The centaur warrior wields a +0 shortbow.
The centaur warrior shoots an arrow.
The arrow hits you!
The centaur warrior shoots an arrow.
The arrow barely misses you.
The centaur warrior shoots an arrow.
The arrow hits you!
The centaur warrior shoots an arrow.
The arrow closely misses you.
The centaur warrior shoots an arrow.
The arrow completely misses you.
The centaur warrior shoots an arrow.
The arrow hits you!!
There is an open door here.
The centaur warrior shoots an arrow.
The arrow closely misses you.
The centaur warrior shoots an arrow.
The arrow closely misses you.
The centaur warrior shoots an arrow.
The arrow hits you!!
* * * LOW HITPOINT WARNING * * *
The centaur warrior shoots an arrow.
The arrow hits you!!
You die...

###############################
#<.#.['..#.)'..#__#.)÷...#..#§§
#..'..#.)'..#..'^†'..#÷..##'#§#
#..#####+#####'#__####...'.†#§#
#..#### #...#.####(!#####..§§#
#..#__####..##@#≈c§§§# #+####
#..#_____##'#_.'c§§§§+
#⌠⌠#_.∩...'..._#§§≈§.#
####_..__##_.#'##'####
#_____###'#.#.(..###
############.####'###.##
#∩^.......'...'.§...'.∩#
###++++####...##########
###.###


You could see a centaur warrior.

Vanquished Creatures
  Sonja (D)
  A lindwurm (D)
  A deep troll (D)
  A kobold demonologist (D)
  4 demonic crawlers (D)
  A slime creature (D)
  Sigmund (D)
  9 hogs (D)
  A yak (D)
  A floating eye (D)
  An ogre (D)
  A jelly (D)
  Ijyb (D)
  A ballistomycete spore (D)
25 creatures vanquished.

Vanquished Creatures (others)
  A ballistomycete spore (D)
1 creature vanquished.

Grand Total: 26 creatures vanquished

Notes
Turn   | Place    | Note
-------+----------+-------------------------------------------
     0 | D        | Adenis the Vampire Brigand began the quest for the Orb.
     0 | D        | Reached XP level 1. HP: 16/16 MP: 1/1
     2 | D        | Noticed Ijyb
     6 | D        | Killed Ijyb
     7 | D        | Reached skill level 9 in Stealth
     7 | D        | Reached XP level 2. HP: 22/22 MP: 2/2
    11 | D        | Noticed an ogre
    15 | D        | Killed an ogre
    16 | D        | Reached skill level 12 in Stealth
    16 | D        | Gained mutation: You are afflicted with vampirism and can
                  | become a bat while bloodless. [Vampire growth]
    16 | D        | Reached XP level 3. HP: 29/29 MP: 3/3
    16 | D        | Reached XP level 4. HP: 35/35 MP: 4/4
    17 | D        | Noticed Sigmund
    21 | D        | Killed Sigmund
    22 | D        | Reached skill level 16 in Stealth
    22 | D        | Reached XP level 5. HP: 42/42 MP: 5/5
    22 | D        | Reached XP level 6. HP: 48/48 MP: 6/6
    34 | D        | Found an ornate altar of the Wu Jian Council.
    34 | D        | Found a shimmering blue altar of Sif Muna.
    36 | D        | Found a radiant altar of Vehumet.
    45 | D        | Found Unowepuwk's Magic Scroll Emporium.
    45 | D        | Found an ancient bone altar of Kikubaaqudgha.
    45 | D        | Found a hazy altar of Hepliaklqana.
    45 | D        | Found a stormy altar of Qazlal.
    45 | D        | Found a hide-covered altar of Uskayaw.
    45 | D        | Found a blossoming altar of Fedhas.
    45 | D        | Found a bloodstained altar of Trog.
    45 | D        | Found an iron altar of Okawaru.
    45 | D        | Found a basalt altar of Yredelemnul.
    45 | D        | Found a snail-covered altar of Cheibriados.
    45 | D        | Found a sacrificial altar of Ru.
    45 | D        | Found a shadowy altar of Dithmenos.
    45 | D        | Noticed a yak
    46 | D        | Found an opulent altar of Gozag.
    47 | D        | Killed a yak
    48 | D        | Reached skill level 5 in Short Blades
    48 | D        | Reached skill level 18 in Stealth
    48 | D        | Found a sparkling altar of Nemelex Xobeh.
    53 | D        | Became a worshipper of Trog the Wrathful
    80 | D        | Noticed Sonja
    84 | D        | Killed Sonja
    85 | D        | Reached skill level 5 in Fighting
    85 | D        | Reached skill level 20 in Stealth
    85 | D        | Reached XP level 7. HP: 56/56 MP: 7/7
    85 | D        | Reached XP level 8. HP: 62/62 MP: 8/8
   142 | D        | Found Diontabi's Antique Armour Boutique.
   150 | D        | Noticed a deep troll
   154 | D        | Killed a deep troll
   154 | D        | Reached * piety under Trog
   155 | D        | Reached skill level 22 in Stealth
   164 | D        | Found Xiqudek's Armour Emporium.
   214 | D        | Found a burning altar of Makhleb.
   214 | D        | Found a viscous altar of Jiyva.
   214 | D        | Found a shimmering altar of Xom.
   214 | D        | Found a corrupted altar of Lugonu.
   214 | D        | Noticed a slime creature
   217 | D        | Killed a slime creature
   218 | D        | Reached skill level 5 in Throwing
   232 | D        | Noticed a kobold demonologist
   233 | D        | Noticed a kobold demonologist
   234 | D        | Noticed a rust devil
   250 | D        | Noticed a rust devil
   250 | D        | Paralysed by a floating eye for 4 turns
   276 | D        | Killed a kobold demonologist
   276 | D        | Reached ** piety under Trog
   277 | D        | Reached skill level 23 in Stealth
   277 | D        | Reached XP level 9. HP: 15/69 MP: 9/9
   281 | D        | Banished a kobold demonologist
   348 | D        | Noticed a demonic crawler
   348 | D        | Noticed a demonic crawler
   348 | D        | Noticed a demonic crawler
   348 | D        | Noticed a demonic crawler
   350 | D        | Killed a demonic crawler
   351 | D        | Reached skill level 24 in Stealth
   351 | D        | Killed a demonic crawler
   353 | D        | Killed a demonic crawler
   353 | D        | Reached *** piety under Trog
   354 | D        | Reached skill level 25 in Stealth
   354 | D        | Killed a demonic crawler
   372 | D        | Noticed a lindwurm
   376 | D        | Killed a lindwurm
   383 | D        | Reached **** piety under Trog
   384 | D        | Reached XP level 10. HP: 62/77 MP: 10/10
   391 | D        | Reached skill level 26 in Stealth
   536 | D        | Reached skill level 5 in Dodging
   545 | D        | Reached ***** piety under Trog
   577 | D        | Bought a scroll of blinking for 90 gold pieces
   823 | D        | Noticed a centaur warrior
   825 | D        | Noticed a centaur warrior
   832 | D        | Shot with an arrow by a centaur warrior

Illustrated notes

Levels and vault maps discovered:
D:        dungeon_sprint_1 [red_sonja_temple_1, red_sonja_temple_small_1]

Skill      XL: |  1  2  3  4  5  6  7  8  9 10 |
---------------+-------------------------------+-----
Fighting       | 2 3 5 6 7 |  7.4
Throwing       | 2 3 4 5 |  5.6
Stealth        | 9 12 16 20 23 25 26 | 26.9
Short Blades   | 3 4 6 7 8 9 |  9.8
Dodging        | 2 4 5 |  5.6

Action                   |  1- 3 |  4- 6 |  7- 9 | 10-12 || total
-------------------------+-------+-------+-------+-------++-------
Melee: Dagger            |     2 |     4 |       |       ||     6
       Short sword       |       |       |    49 |    50 ||    99
       Bite              |       |       |     5 |     8 ||    13
  Use: Potion            |       |       |     1 |     1 ||     2
       Scroll            |       |       |       |     1 ||     1
 Stab: Sleeping          |     2 |     4 |     8 |       ||    14
Armor: Robe              |       |       |     5 |     6 ||    11
Dodge: Dodged            |       |       |    21 |    40 ||    61
